 Dungeon Crawl Stone Soup version 0.30-a0-354-g6b83867211 (webtiles) character file.

Game seed: 17704541336371040878

253 Lobster4 the Firebug (level 6, -2/48 HPs)
             Began as a Hill Orc Fire Elementalist on Nov 8, 2022.
             Slain by an orc
             ... wielding a +0 war axe
              (8 damage)
             ... on level 3 of the Dungeon.
             The game lasted 00:10:55 (4321 turns).

Lobster4 the Firebug (Hill Orc Fire Elementalist)   Turns: 4321, Time: 00:10:55

Health: -2/48      AC:  4    Str: 19    XL:     6   Next: 14%
Magic:  2/9        EV: 12    Int: 15    God:
Gold:   159        SH:  0    Dex: 11    Spells: 6/9 levels left

rFire   . . .      SeeInvis .    a - +0 war axe
rCold   . . .      Faith    .    (no shield)
rNeg    . . .      Spirit   .    d - +0 robe
rPois   .          Reflect  .    (no helmet)
rElec   .          Harm     .    r - +0 cloak
rCorr   .          Rampage  .    (no gloves)
Will    .....                    n - +0 pair of boots
Stlth   ++........               (no amulet)
HPRegen 0.28/turn                e - +6 ring of strength
MPRegen 0.11/turn                (no ring)

@: no status effects
A: no striking features
a: Convert to Beogh


You were on level 3 of the Dungeon.
You visited 1 branch of the dungeon, and saw 5 of its levels.

You collected 159 gold pieces.

Inventory:

Hand Weapons
 a - a +0 war axe (weapon)
 p - a +1 whip of draining
Missiles
 b - 2 boomerangs
 c - 17 stones
Armour
 d - a +0 robe (worn)
 i - a +0 plate armour
 n - a +0 pair of boots (worn)
 r - a +0 cloak (worn)
Magical Staves
 q - a staff of earth
Jewellery
 e - a +6 ring of strength (left hand)
 t - a ring of ice
Wands
 o - a wand of mindburst (13)
Scrolls
 f - 3 scrolls of teleportation
 j - 2 scrolls of amnesia {unknown}
 m - a scroll of enchant armour {unknown}
Potions
 g - a potion of might {unknown}
 h - 2 potions of berserk rage
 l - a potion of haste
 s - a potion of attraction {unknown}


   Skills:
 + Level 2.2 Fighting
 + Level 2.2 Axes
 + Level 1.9 Armour
 - Level 2.0 Dodging
 - Level 2.0 Stealth
 + Level 2.1 Spellcasting
 + Level 2.3 Conjurations
 * Level 4.6 Fire Magic


You had 6 spell levels left.
You knew the following spells:

 Your Spells              Type           Power      Damage    Failure   Level
a - Foxfire               Conj/Fire      48%        2x1d6     5%          1
b - Scorch                Fire           30%        2d7       4%          2

Your spell library contained the following spells:

 Spells                   Type           Power      Damage    Failure   Level
 Inner Flame              Hex/Fire       8%         N/A       26%         3
 Kindle Blastsparks       Fire/Tloc/Air  12%        2d11      34%         3
 Flame Wave               Conj/Fire      12%        2d6       45%         4
 Yara's Violent Unravell  Hex/Tmut       0%         3d3       99%         5
 Enfeeble                 Hex            0%         N/A       100%        7


Dungeon Overview and Level Annotations

Branches:
Dungeon (5/15)
 Temple: D:4-7

Altars:

Annotations:
D:4 Edmund


Message History

The orc priest hits you with a +0 dagger.
You barely miss the orc priest.
The orc priest is severely wounded.
You hit the orc.
The orc priest hits you with a +0 dagger.
The orc barely misses you.
You barely miss the orc priest.
The orc priest is severely wounded.
You hit the orc but do no damage.
The orc priest invokes the aid of Beogh against you.
Beogh smites you!
* * * LOW HITPOINT WARNING * * *
The orc barely misses you.
You feel much better. The orc priest closely misses you.
The orc closely misses you.
You hit the orc priest but do no damage.
The orc priest is severely wounded.
You closely miss the kobold. You closely miss the orc.
The orc priest calls upon Beogh to heal the orc.
The orc's wounds heal themselves!
The orc closely misses you. The kobold barely misses you.
The kobold hits you with a +0 short sword.
* * * LOW HITPOINT WARNING * * *
The orc priest mumbles some strange prayers to Beogh against you.
You barely resist. The orc misses you.
You closely miss the orc priest.
The orc priest is severely wounded.
You hit the kobold. You closely miss the orc.
The orc priest hits you but does no damage.
The kobold barely misses you. The orc misses you.
You barely miss the orc priest.
The orc priest is severely wounded.
You barely miss the kobold.
The orc priest threatens, "By the altar or by the axe, you will meet Beogh!"
You hit the orc.
The orc priest invokes the aid of Beogh against you.
Beogh smites you!
* * * LOW HITPOINT WARNING * * *
The kobold closely misses you. The orc hits you with a +0 war axe!
You die...

#........ #..
.........
..###...<....
..# #.....K..
#<.#
#........
##...#
#........
##...#
#.#......
####.Ko.####.
+...)@o......
####.†.......
##..######
##.# .# .# ..
.#


You could see an orc priest, an orc and a kobold.

Vanquished Creatures
  An orc priest (D:3)
  Natasha (thrice) (D:2)
  An iguana (D:5)
  5 adders
  2 worms
  2 dart slugs (D:2)
  3 orcs
  6 endoplasms
  5 giant cockroaches
  5 hobgoblins
  4 jackals (D:1)
  3 quokkas (D:1)
  3 ball pythons
  9 bats
  8 frilled lizards
  4 goblins
  7 kobolds
  3 rats
74 creatures vanquished.

Vanquished Creatures (others)
  221 foxfires
221 creatures vanquished.

Grand Total: 295 creatures vanquished

Notes
Turn   | Place    | Note
-------+----------+-------------------------------------------
     0 | D:1      | Lobster4 the Hill Orc Fire Elementalist began the quest for
                  | the Orb.
     0 | D:1      | Reached XP level 1. HP: 14/14 MP: 3/3
   322 | D:1      | Reached XP level 2. HP: 20/20 MP: 4/4
   639 | D:1      | Learned a level 2 spell: Scorch
   888 | D:1      | Reached XP level 3. HP: 27/27 MP: 2/5
  1714 | D:2      | Reached skill level 1 in Axes
  1748 | D:2      | Reached skill level 1 in Fighting
  2133 | D:2      | Reached skill level 1 in Armour
  2133 | D:2      | Reached XP level 4. HP: 35/35 MP: 0/6
  2314 | D:2      | Noticed Natasha
  2333 | D:2      | Killed Natasha
  2334 | D:2      | Reached skill level 4 in Fire Magic
  2599 | D:2      | Noticed Natasha
  2619 | D:2      | Killed Natasha
  2620 | D:2      | Reached XP level 5. HP: 4/41 MP: 2/7
  3273 | D:2      | Noticed Natasha
  3280 | D:2      | Killed Natasha
  4048 | D:3      | You fall into a shaft and drop 2 floors!
  4048 | D:5      | Entered Level 5 of the Dungeon
  4285 | D:4      | Noticed Edmund
  4312 | D:3      | Reached XP level 6. HP: 48/48 MP: 2/9
  4321 | D:3      | Slain by an orc

Illustrated notes

Levels and vault maps discovered:
D:1:      dpeg_arrival_circle_labyrinth_a, layout_basic, minmay_tromino_v4_c
D:2:      layout_loops_corners, uniq_natasha
D:3:      layout_loops_corners, nicolae_overflow_quartered_altars,
          nrook_mini_vaults
D:4:      layout_cave_pools, gammafunk_ghost_mausoleum, nicolae_wormholes,
          uniq_edmund, uniq_grinder, uniq_sigmund
D:5:      layout_loops_cross, serial_shops, nicolae_stop_n_shop_2,
          grunt_ministairs_6

Skill      XL: |  1  2  3  4  5 |
---------------+----------------+-----
Axes           | 1 2 |  2.2
Fighting       | 1 2 |  2.2
Armour         | 1 |  1.9
Dodging        | 2 |  2.0
Stealth        | 2 |  2.0
Fire Magic     | 4 |  4.6
Spellcasting   | 2 |  2.1
Conjurations   | 2 |  2.3

Action                   |  1- 3 |  4- 6 || total
-------------------------+-------+-------++-------
Melee: War axe           |    47 |    41 ||    88
Throw: Stone             |       |     1 ||     1
 Cast: Foxfire           |    56 |    80 ||   136
  Use: Potion            |       |     3 ||     3
       Scroll            |       |     4 ||     4
 Stab: Sleeping          |     3 |     2 ||     5
Armor: Robe              |    10 |    20 ||    30
Dodge: Dodged            |    56 |    52 ||   108

Table legend: (Time is in decaauts)
 A = Elapsed time spent in this place.
 B = Non-inter-level travel time spent in this place.
 C = Inter-level travel time spent in this place.
 D = Time resting spent in this place.
 E = Time spent auto-exploring this place.
 F = Levels seen in this place.
 G = Mean time per level.
                   A        B        C        D        E       F      G
               +--------+--------+--------+--------+--------+-----+--------+
         Total |   4367 |   4115 |    252 |    506 |   2918 |   5 |  873.4 |
       Dungeon |   4367 |   4115 |    252 |    506 |   2918 |   5 |  873.4 |
               +--------+--------+--------+--------+--------+-----+--------+

Top non-repeatable levels by time:
     D:2: 1826 daAuts
     D:1: 1638 daAuts
     D:3: 646 daAuts
     D:4: 150 daAuts
     D:5: 105 daAuts
